 Dungeon Crawl Stone Soup version 0.23-a0-619-g281719c (console) character file.

325 Duffy the Magician (level 6, -5/49 HPs)
             Began as a Naga Wizard on Dec 22, 2018.
             Slain by a wight
             ... wielding a +2 morningstar
              (7 damage)
             ... on level 4 of the Dungeon.
             The game lasted 00:04:29 (3783 turns).

Duffy the Magician (Naga Wizard)                    Turns: 3783, Time: 00:04:30

Health: -5/49      AC:  4    Str:  9    XL:     6   Next: 48%
Magic:  3/13       EV: 12    Int: 20    God:
Gold:   189        SH:  0    Dex: 10    Spells: 4/15 levels left

rFire    + . .     SeeInvis +   h - +2 spear (freeze)
rCold    + . .     Gourm    .   (no shield)
rNeg     . . .     Faith    .   a - +0 robe
rPois    +         Spirit   .   b - +0 hat
rElec    .         Reflect  .   i - scarf {rC+ rF+}
rCorr    .         Harm     .   f - +0 pair of gloves
MR       .....                  (no barding)
Stlth    ++........             (no amulet)
HPRegen  0.16/turn              (no ring)
MPRegen  0.13/turn              p - +3 ring of evasion

@: very slightly contaminated, heavily drained, very slow
A: large, see invisible, deformed body, poison resistance, slowness 2, slow
metabolism 1, spit poison 1, AC +2
a: Spit Poison


You were on level 4 of the Dungeon.
You were hungry.

You visited 1 branch of the dungeon, and saw 4 of its levels.

You collected 189 gold pieces.

Inventory:

Hand Weapons
 g - a +0 mace of protection
 h - a +2 spear of freezing (weapon)
 u - a +1 flail of draining
Armour
 a - a +0 robe (worn)
 b - a +0 hat (worn)
 f - a +0 pair of gloves (worn)
 i - a scarf of resistance (worn)
 y - a +0 cloak
Jewellery
 p - a +3 ring of evasion (right hand)
Wands
 q - a wand of digging (4)
 t - a wand of flame (15)
Scrolls
 c - a scroll of enchant weapon {unknown}
 e - 4 scrolls of identify {unknown}
 j - 2 scrolls of remove curse {unknown}
 k - a scroll of enchant armour {unknown}
 l - a scroll of blinking {unknown}
 m - a scroll of teleportation {unknown}
 v - a scroll of magic mapping {unknown}
Potions
 n - 2 potions of mutation {unknown}
 o - a potion of resistance {unknown}
 r - 2 potions of lignification {unknown}
 s - 2 potions of haste {unknown}
 w - a potion of curing {unknown}
 x - a potion of agility {unknown}
 z - a potion of degeneration {unknown}
Comestibles
 d - 7 rations


   Skills:
 - Level 1.5(0.3) Dodging
 - Level 3.0(1.7) Stealth
 + Level 5.1(3.7) Spellcasting
 + Level 4.5(3.2) Conjurations
 - Level 1.0(0.0) Summonings
 - Level 1.0(0.0) Translocations


You had 4 spell levels left.
You knew the following spells:

 Your Spells              Type           Power        Failure   Level  Hunger
b - Blink                 Tloc           N/A          21%         2    ##.....
h - Magic Dart            Conj           ###.         3%          1    None
i - Call Imp              Summ           #.......     21%         2    ##.....
l - Conjure Flame         Conj/Fire      ##......     21%         3    ###....
o - Mephitic Cloud        Conj/Pois/Air  #.......     26%         3    ###....

Your spell library contained the following spells:

 Spells                   Type           Power        Failure   Level  Hunger
 Corona                   Hex            #......      13%         1    None
 Ensorcelled Hibernation  Hex/Ice        #.....       21%         2    ##.....
 Slow                     Hex            #.......     21%         2    ##.....
 Dazzling Spray           Conj/Hex       ##....       21%         3    ###....
 Confuse                  Hex            #.......     36%         3    ###....
 Tukima's Dance           Hex            #.......     36%         3    ###....


Dungeon Overview and Level Annotations

Branches:
Dungeon (4/15)
 Temple: D:4-7

Altars:


Innate Abilities, Weirdness & Mutations

You cannot wear boots.
Your serpentine skin is tough. (AC +2)
You have supernaturally acute eyesight. (SInv)
Armour fits poorly on your strangely shaped body.
Your system is resistant to poisons. (rPois)
You cover ground very slowly.
You have a slow metabolism.
You can spit poison.


Message History

The wight is heavily damaged.
The wight hits you with a +2 morningstar!
You feel drained.
You are too injured to fight recklessly!
You are too injured to fight recklessly!
Casting: Call Imp (safe; 21% risk of failure)
Confirm with . or Enter, or press ? or * to list all spells.
A shadowy apparition takes form in the air.
The wight misses you.
The wight hits you with a +2 morningstar!
Your shadow imp hits the wight.
Your shadow imp closely misses the wight.
Okay, then.
Unknown command.
You hit the wight.
The wight is severely damaged.
You hit the wight.
The wight is severely damaged.
The wight hits you with a +2 morningstar!
You die...

##.##~~~~.#
#.~.#~#...#
##%##~#..##
#.#~~##.#
##'##~~..# #.
#~~~##~.##
#.~#~~#5~#~.#
#.~~~##z~~~.#
#.....@.....#
#############


You could see a wight and a friendly shadow imp.

Vanquished Creatures
  Edmund (D:3)
  3 orc wizards
  A gnoll (D:2)
  2 adders
  2 worms (D:3)
  4 dart slugs
  A leopard gecko (D:1)
  3 orcs
  3 giant cockroaches
  7 goblins
  6 hobgoblins
  5 jackals
  5 kobolds
  A quokka (D:3)
  A ball python (D:3)
  6 bats
  3 frilled lizards
  10 rats
64 creatures vanquished.

Vanquished Creatures (collateral kills)
  A hound (D:4)
  An orc wizard (D:4)
  2 gnolls (D:2)
  An ooze (D:2)
  5 orcs (D:4)
  A bat (D:2)
  2 hobgoblins (D:3)
  3 jackals
  A frilled lizard (D:2)
  2 goblins
19 creatures vanquished.

Grand Total: 83 creatures vanquished

Notes
Turn   | Place    | Note
-------+----------+-------------------------------------------
     0 | D:1      | Duffy the Naga Wizard began the quest for the Orb.
     0 | D:1      | Reached XP level 1. HP: 15/15 MP: 4/4
   133 | D:1      | Reached XP level 2. HP: 12/22 MP: 6/6
   788 | D:1      | Learned a level 2 spell: Call Imp
   825 | D:2      | Reached XP level 3. HP: 23/28 MP: 7/7
   831 | D:2      | Learned a level 3 spell: Mephitic Cloud
  1549 | D:2      | Reached XP level 4. HP: 23/36 MP: 1/9
  1851 | D:2      | Learned a level 3 spell: Conjure Flame
  1891 | D:3      | Reached skill level 4 in Spellcasting
  2660 | D:3      | Reached XP level 5. HP: 42/42 MP: 11/11
  2951 | D:4      | Noticed Edmund
  2967 | D:3      | Killed Edmund
  3188 | D:3      | Reached XP level 6. HP: 33/49 MP: 13/13
  3284 | D:3      | Learned a level 2 spell: Blink
  3426 | D:4      | Reached skill level 5 in Spellcasting
  3779 | D:4      | HP: 2/49 [wight/+2 morningstar (7)]
  3783 | D:4      | Slain by a wight

Vault maps used:
D:1:      scummos_arrival_gate
D:4:      minmay_temple_entry_tees, minmay_manual_mullet, uniq_edmund

Skill      XL: |  1  2  3  4  5  6 |
---------------+-------------------+-----
Conjurations   | 2 3 4 |  4.5
Spellcasting   | 4 5 |  5.1
Dodging        | |  1.5
Stealth        | |  3.0
Summonings     | |  1.0
Translocations | |  1.0

Action                   |  1- 3 |  4- 6 || total
-------------------------+-------+-------++-------
Melee: Mace              |    84 |     2 ||    86
       Spear             |       |    98 ||    98
       Flail             |       |    22 ||    22
 Cast: Call Imp          |     9 |    22 ||    31
       Magic Dart        |     6 |     3 ||     9
       Mephitic Cloud    |       |     1 ||     1
 Abil: Spit Poison       |     2 |     1 ||     3
 Stab: Sleeping          |     9 |     6 ||    15
       Distracted        |       |     1 ||     1
  Eat: Chunk             |     1 |     6 ||     7
Armor: Robe              |    31 |    16 ||    47
Dodge: Dodged            |    52 |    92 ||   144

Table legend:
 A = Non-vault XP
 B = Vault XP
 C = Vault XP percentage of total XP
 D = Non-vault monster count
 E = Vault monster count
 F = Vault count percentage of total count
                 A         B        C        D         E       F
            +---------+---------+-------+---------+---------+-------
      Total |     327 |     138 |  29.7 |      79 |       4 |   4.8
            +---------+---------+-------+---------+---------+-------
        D:1 |      29 |       0 |   0.0 |      15 |       0 |   0.0
        D:2 |      73 |       0 |   0.0 |      24 |       0 |   0.0
        D:3 |     113 |     105 |  48.2 |      31 |       1 |   3.1
        D:4 |     112 |      33 |  22.8 |       9 |       3 |  25.0
            +---------+---------+-------+---------+---------+-------
